 Dungeon Sprint DCSS version 0.26.1-2-gb8aa6d0cf2 (webtiles) character file.

Game seed: 9519876477552433808

10500000 Groucho the Intangible (level 27, -23/149 (174) HPs)
             Began as a Spriggan Abyssal Knight on Feb 17, 2021.
             Was the Champion of Makhleb.
             Killed from afar by a wretched soul (101 damage)
             ... with a bolt of negative energy
             ... in the Dungeon (Sprint VIII: "Arena of Blood").
             The game lasted 00:05:28 (105 turns).

Groucho the Intangible (Spriggan Abyssal Knight)     Turns: 105, Time: 00:05:28

HP:   -23/149 (174) AC:  4    Str:  8    XL:     27
MP:   35/55         EV: 44    Int: 15    God:    Makhleb [******]
Gold: 0             SH:  0    Dex: 27    Spells: 80/80 levels left

rFire    . . .     SeeInvis +   i - +∞ Axe of Woe
rCold    . . .     Faith    .   (shield currently unavailable)
rNeg     . . .     Spirit   .   b - +0 robe
rPois    .         Reflect  .   (helmet restricted)
rElec    .         Harm     .   (no cloak)
rCorr    .         Rampage  .   (gloves unavailable)
Will     ++++.     NoTele   +   (boots unavailable)
Stlth    ++++++++++             (no amulet)
HPRegen  0.34/turn              j - +30 ring of slaying
MPRegen  0.34/turn              (no ring)

@: heavily drained, very quick
A: very small, unfitting armour, see invisible, speed 3
a: Renounce Religion, Minor Destruction, Lesser Servant of Makhleb, Major
Destruction, Greater Servant of Makhleb


You were in the Dungeon.
You worshipped Makhleb.
Makhleb was exalted by your worship.
You visited 1 branch

Inventory:

Hand Weapons
 a - a +1 hand axe
 i - the +∞ Axe of Woe (weapon)
   (You found it in the Dungeon)
Armour
 b - a +0 robe (worn)
Jewellery
 j - a +30 ring of slaying (left hand)
Potions
 c - a potion of curing
 d - a potion of heal wounds
 e - a potion of haste
 f - 2 potions of magic
 g - a potion of berserk rage


   Skills:
 O Level 27 Fighting
 O Level 27 Short Blades
 O Level 27 Long Blades
 O Level 27 Axes
 O Level 27 Maces & Flails
 O Level 27 Polearms
 O Level 27 Staves
 O Level 27 Slings
 O Level 27 Bows
 O Level 27 Crossbows
 O Level 27 Throwing
 O Level 27 Armour
 O Level 27 Dodging
 O Level 27 Stealth
 O Level 27 Shields
 O Level 27 Unarmed Combat
 O Level 27 Spellcasting
 O Level 27 Conjurations
 O Level 27 Hexes
 O Level 27 Summonings
 O Level 27 Necromancy
 O Level 27 Translocations
 O Level 27 Transmutations
 O Level 27 Fire Magic
 O Level 27 Ice Magic
 O Level 27 Air Magic
 O Level 27 Earth Magic
 O Level 27 Poison Magic
 O Level 27 Invocations
 O Level 27 Evocations


You had 80 spell levels left.
You didn't know any spells.
Your spell library was empty.

Dungeon Overview and Level Annotations

Branches:
Dungeon (1/1)

Altars:
Makhleb


Innate Abilities, Weirdness & Mutations

You are very small and have problems with some larger weapons.
You are too small for most types of armour.
You have supernaturally acute eyesight. (SInv)
You cover ground extremely quickly.


Message History

You hear a shout! x3
Unknown command.
Unknown command.
You slice the bag of meat!!
You fatally mangle the bag of meat.
You kill the bag of meat!
Makhleb accepts your kill.
You feel better.
You hear a shout! x2
A meat berserker comes into view. It is wielding a +9 battleaxe.
You hear a shout! x2
The accursed points at you and mumbles some strange words.
Something smites you!
The accursed points at you and mumbles some strange words.
Something smites you!
You hear a shout!
The wretched soul breathes negative energy at you.
The bolt of negative energy hits you!!!!
You feel drained.
Ouch! That really hurt!
You die...

.§.. ..V ...O. #.. ...#
...#.... #... ...# . o
#......###... §z.###..
.o............###o.....
..o.O.#o......M_.oMG..
....#..o..§.#)))).#
#......o...#_)@)_#
...#x.))§.§#M))).#...
.....#.))))..)_.......
.....o))W.§)§.###......
.....o..)###W......###..
......o..D #.......# .
...........#.......#
..#.................
.#.#.#...............


You could see 3 accurseds, an observer (fast, invisible), a sculptor of flesh, a
wretched soul (invisible), a dread, a meat berserker (berserk) and 2 bags of
meat.

Vanquished Creatures
  8 hell beasts (D)
  4 royal mummies (D)
  2 great orbs of eyes (D)
  A wraith (D)
  12 vampire knights (D)
  26 ogres (D)
  5 two-headed ogres (D)
  6 liches (D)
  3 hydras (D)
  52 orcs (D)
  3 phantoms (D)
  A skeletal warrior (D)
  A large abomination (D)
  A small abomination (D)
  3 crawling corpses (D)
128 creatures vanquished.

Vanquished Creatures (others)
  4 crawling corpses (D)
4 creatures vanquished.

Grand Total: 132 creatures vanquished

Notes
Turn   | Place    | Note
-------+----------+-------------------------------------------
     0 | D        | Found the +∞ Axe of Woe
     0 | D        | Groucho the Spriggan Abyssal Knight began the quest for the
                  | Orb.
     0 | D        | Reached XP level 1. HP: 11/11 MP: 3/3
     2 | D        | Noticed a bag of meat
     4 | D        | Fell from the grace of Lugonu
     4 | D        | Became a worshipper of Makhleb the Destroyer
     4 | D        | Noticed a bag of meat
     4 | D        | Noticed a bag of meat
     5 | D        | Noticed a meat berserker
     6 | D        | Noticed a bag of meat
     6 | D        | Noticed a bag of meat
     9 | D        | Noticed a bag of meat
    10 | D        | Killed a meat berserker
    10 | D        | Noticed a bag of meat
    10 | D        | Noticed a bag of meat
    11 | D        | Reached skill level 27 in Dodging
    11 | D        | Reached XP level 2. HP: 16/16 MP: 4/4
    11 | D        | Reached XP level 3. HP: 19/19 MP: 5/5
    11 | D        | Reached XP level 4. HP: 23/23 MP: 6/6
    11 | D        | Reached XP level 5. HP: 27/27 MP: 7/7
    11 | D        | Reached XP level 6. HP: 32/32 MP: 8/8
    11 | D        | Reached XP level 7. HP: 35/35 MP: 9/9
    11 | D        | Reached XP level 8. HP: 39/39 MP: 10/10
    11 | D        | Reached XP level 9. HP: 43/43 MP: 11/11
    11 | D        | Reached XP level 10. HP: 47/47 MP: 12/12
    11 | D        | Reached XP level 11. HP: 51/51 MP: 13/13
    11 | D        | Reached XP level 12. HP: 56/56 MP: 14/14
    11 | D        | Reached XP level 13. HP: 59/59 MP: 15/15
    11 | D        | Killed a bag of meat
    11 | D        | Reached * piety under Makhleb
    12 | D        | Noticed a bag of meat
    13 | D        | Killed a bag of meat
    13 | D        | Killed a bag of meat
    13 | D        | Killed a bag of meat
    13 | D        | Reached ** piety under Makhleb
    14 | D        | Reached skill level 27 in Axes
    14 | D        | Reached skill level 10 in Fighting
    14 | D        | Reached XP level 14. HP: 77/77 MP: 16/16
    14 | D        | Reached XP level 15. HP: 80/80 MP: 17/17
    16 | D        | Reached skill level 15 in Fighting
    17 | D        | Noticed a meat berserker
    18 | D        | Reached *** piety under Makhleb
    19 | D        | Reached skill level 15 in Armour
    19 | D        | Reached skill level 15 in Stealth
    19 | D        | Reached skill level 10 in Invocations
    19 | D        | Reached XP level 16. HP: 98/98 MP: 17/25
    19 | D        | Noticed a meat berserker
    21 | D        | Noticed a large bag of meat
    23 | D        | Killed a meat berserker
    23 | D        | Reached **** piety under Makhleb
    24 | D        | Reached skill level 15 in Invocations
    24 | D        | Reached XP level 17. HP: 107/107 MP: 17/29
    26 | D        | Noticed a destroyer
    26 | D        | Noticed a large bag of meat
    27 | D        | Noticed a large bag of meat
    27 | D        | Noticed a meat berserker
    28 | D        | Noticed a destroyer
    28 | D        | Noticed a destroyer
    29 | D        | Noticed a meat berserker
    29 | D        | Killed a large bag of meat
    29 | D        | Killed a destroyer
    30 | D        | Reached skill level 27 in Stealth
    30 | D        | Reached XP level 18. HP: 71/119 MP: 18/33
    30 | D        | Killed a meat berserker
    30 | D        | Reached ***** piety under Makhleb
    30 | D        | Killed a large bag of meat
    31 | D        | Reached XP level 19. HP: 65/130 MP: 18/37
    31 | D        | Noticed a large bag of meat
    31 | D        | Noticed a meat berserker
    32 | D        | Noticed a meat berserker
    33 | D        | Noticed a destroyer
    33 | D        | Killed a meat berserker
    33 | D        | Noticed a meat berserker
    34 | D        | Reached skill level 27 in Fighting
    34 | D        | Reached skill level 27 in Invocations
    34 | D        | Killed a large bag of meat
    34 | D        | Noticed an eight-headed meat hydra
    34 | D        | Noticed an eight-headed meat hydra
    35 | D        | Reached skill level 27 in Armour
    35 | D        | Reached skill level 5 in Translocations
    35 | D        | Reached XP level 20. HP: 92/137 MP: 19/38
    35 | D        | Noticed a destroyer
    35 | D        | Noticed a destroyer
    36 | D        | Killed a meat berserker
    36 | D        | Noticed a meat berserker
    36 | D        | Noticed a meat berserker
    37 | D        | Reached skill level 5 in Unarmed Combat
    37 | D        | Reached skill level 5 in Conjurations
    37 | D        | Reached skill level 5 in Summonings
    37 | D        | Reached skill level 10 in Translocations
    37 | D        | Reached skill level 5 in Fire Magic
    37 | D        | Reached skill level 5 in Ice Magic
    37 | D        | Killed a meat berserker
    38 | D        | Reached skill level 10 in Spellcasting
    38 | D        | Reached skill level 10 in Hexes
    38 | D        | Reached ****** piety under Makhleb
    38 | D        | Killed a meat berserker
    39 | D        | Reached skill level 10 in Unarmed Combat
    39 | D        | Reached skill level 10 in Summonings
    39 | D        | Reached skill level 15 in Transmutations
    39 | D        | Reached skill level 10 in Fire Magic
    39 | D        | Reached skill level 10 in Ice Magic
    39 | D        | Reached XP level 21. HP: 142/142 MP: 20/40
    40 | D        | Reached skill level 15 in Spellcasting
    40 | D        | Reached skill level 10 in Conjurations
    40 | D        | Reached skill level 15 in Hexes
    40 | D        | Killed a large bag of meat
    41 | D        | Reached skill level 15 in Poison Magic
    41 | D        | Reached XP level 22. HP: 58/148 MP: 20/44
    41 | D        | Killed a destroyer
    41 | D        | Killed a destroyer
    42 | D        | Reached skill level 15 in Unarmed Combat
    42 | D        | Reached skill level 15 in Summonings
    42 | D        | Reached skill level 15 in Fire Magic
    42 | D        | Reached skill level 15 in Ice Magic
    42 | D        | Reached XP level 23. HP: 78/153 MP: 20/48
    42 | D        | Killed a destroyer
    43 | D        | Reached skill level 15 in Conjurations
    43 | D        | Noticed a destroyer
    43 | D        | Killed a destroyer
    44 | D        | Reached XP level 24. HP: 158/158 MP: 21/50
    51 | D        | Reached skill level 27 in Translocations
    52 | D        | Noticed an accursed
    52 | D        | Noticed a destroyer
    52 | D        | Noticed a tyrant
    54 | D        | Noticed a tyrant
    54 | D        | Killed a destroyer
    54 | D        | Noticed an accursed
    56 | D        | Killed a destroyer
    57 | D        | Reached skill level 27 in Transmutations
    57 | D        | Reached XP level 25. HP: 163/163 MP: 24/54
    57 | D        | Noticed a destroyer
    57 | D        | Noticed a tyrant
    57 | D        | Noticed a destroyer
    58 | D        | Killed a destroyer
    58 | D        | Killed a tyrant
    59 | D        | Reached skill level 27 in Spellcasting
    59 | D        | Reached skill level 27 in Hexes
    59 | D        | Reached XP level 26. HP: 135/169 MP: 24/55
    61 | D        | Noticed a tyrant
    63 | D        | Killed a tyrant
    64 | D        | Killed a destroyer
    64 | D        | Killed an accursed
    64 | D        | Noticed a large bag of meat
    65 | D        | Reached skill level 27 in Poison Magic
    65 | D        | Reached XP level 27. HP: 89/174 MP: 25/55
    65 | D        | Noticed a meat beast
    66 | D        | Noticed a meat beast
    66 | D        | Noticed a meat beast
    66 | D        | Killed a meat beast
    66 | D        | Noticed an accursed
    67 | D        | Reached skill level 27 in Unarmed Combat
    67 | D        | Reached skill level 27 in Conjurations
    67 | D        | Reached skill level 27 in Summonings
    67 | D        | Reached skill level 27 in Necromancy
    67 | D        | Reached skill level 27 in Fire Magic
    67 | D        | Reached skill level 27 in Ice Magic
    67 | D        | Reached skill level 27 in Air Magic
    67 | D        | Reached skill level 27 in Earth Magic
    67 | D        | Reached skill level 5 in Short Blades
    67 | D        | Reached skill level 5 in Slings
    67 | D        | Reached skill level 5 in Bows
    68 | D        | Reached skill level 10 in Evocations
    69 | D        | Killed an accursed
    70 | D        | Reached skill level 10 in Long Blades
    70 | D        | Reached skill level 15 in Evocations
    70 | D        | Killed a meat beast
    70 | D        | Killed a destroyer
    70 | D        | Killed a large bag of meat
    71 | D        | Reached skill level 15 in Long Blades
    72 | D        | Killed a tyrant
    72 | D        | Killed a meat beast
    73 | D        | Noticed a destroyer
    74 | D        | Killed a tyrant
    75 | D        | Reached skill level 27 in Evocations
    76 | D        | Noticed a tyrant
    77 | D        | Noticed an accursed
    79 | D        | Noticed a meat beast
    79 | D        | Noticed a destroyer
    80 | D        | Reached skill level 27 in Slings
    80 | D        | Reached skill level 27 in Bows
    80 | D        | Noticed a dread
    81 | D        | Noticed a meat beast
    82 | D        | Killed an accursed
    82 | D        | Killed a destroyer
    83 | D        | Reached skill level 27 in Short Blades
    83 | D        | Reached skill level 27 in Crossbows
    83 | D        | Reached skill level 27 in Throwing
    84 | D        | Noticed a meat beast
    84 | D        | Killed a meat beast
    85 | D        | Reached skill level 27 in Long Blades
    85 | D        | Reached skill level 27 in Maces & Flails
    85 | D        | Reached skill level 27 in Polearms
    85 | D        | Reached skill level 27 in Staves
    85 | D        | Reached skill level 27 in Shields
    86 | D        | Noticed a meat beast
    87 | D        | Killed a meat beast
    89 | D        | Killed an accursed
    89 | D        | Noticed a meat beast
    90 | D        | Killed a meat beast
    91 | D        | Killed a destroyer
    91 | D        | Noticed an accursed
    93 | D        | Killed a meat beast
    95 | D        | Noticed a tyrant
    96 | D        | Noticed a meat beast
    97 | D        | Killed a tyrant
    99 | D        | Killed a dread
   101 | D        | Killed a meat beast
   101 | D        | Noticed an accursed
   102 | D        | Killed a tyrant
   103 | D        | Noticed an accursed
   105 | D        | Noticed a dread
   105 | D        | Killed from afar by a wretched soul

Illustrated notes

Levels and vault maps discovered:
D:        meatsprint

Skill      XL: |  1  2  3  4  5  6  7  8  9 10 11 12 13 14 15 16 17 18 19 20 21 22 23 24 25 26 27 |
---------------+----------------------------------------------------------------------------------+-----
Axes           | 20 27 | 27.0
Dodging        | 27 | 27.0
Fighting       | 10 17 19 22 25 27 | 27.0
Armour         | 8 15 17 21 23 27 | 27.0
Stealth        | 15 22 27 | 27.0
Invocations    | 10 15 21 26 27 | 27.0
Unarmed Combat | 2 10 13 15 17 20 21 24 27 | 27.0
Spellcasting   | 4 14 17 20 22 26 27 | 27.0
Conjurations   | 2 9 12 14 15 18 19 22 27 | 27.0
Hexes          | 4 14 17 20 22 26 27 | 27.0
Summonings     | 2 10 13 15 17 20 21 24 27 | 27.0
Necromancy     | 3 11 14 16 18 21 22 26 27 | 27.0
Translocations | 5 16 20 23 26 27 | 27.0
Transmutations | 4 15 19 21 24 27 | 27.0
Fire Magic     | 2 10 13 15 17 20 21 24 27 | 27.0
Ice Magic      | 2 10 13 15 17 20 21 24 27 | 27.0
Air Magic      | 3 11 14 16 18 21 22 26 27 | 27.0
Earth Magic    | 3 11 14 16 18 21 22 26 27 | 27.0
Poison Magic   | 3 12 15 17 19 23 24 27 | 27.0
Short Blades   | 27 | 27.0
Long Blades    | 27 | 27.0
Maces & Flails | 27 | 27.0
Polearms       | 27 | 27.0
Staves         | 27 | 27.0
Slings         | 27 | 27.0
Bows           | 27 | 27.0
Crossbows      | 27 | 27.0
Throwing       | 27 | 27.0
Shields        | 27 | 27.0
Evocations     | 27 | 27.0

Action                   |  1- 3 |  4- 6 |  7- 9 | 10-12 | 13-15 | 16-18 | 19-21 | 22-24 | 25-27 || total
-------------------------+-------+-------+-------+-------+-------+-------+-------+-------+-------++-------
Melee: Broad axe         |     1 |       |       |       |     5 |     4 |     7 |    14 |    38 ||    69
  Use: Scroll            |       |       |       |       |       |       |       |     1 |       ||     1
Armor: Robe              |       |       |       |       |       |       |       |       |     2 ||     2
Dodge: Dodged            |       |       |       |       |       |       |       |       |     5 ||     5
